 Dungeon Crawl Stone Soup version 0.30-a0-847-g17996783a1 (webtiles) character file.

Game seed: 853312899336715334

9 holysushi the Cutter (level 2, 24/24 HPs)
             Began as a Demonspawn Monk on Mar 3, 2023.
             Quit the game on level 1 of the Dungeon.
             The game lasted 00:00:40 (150 turns).

holysushi the Cutter (Demonspawn Monk)               Turns: 150, Time: 00:00:41

Health: 24/24      AC:  2    Str: 17    XL:     2   Next: 6%
Magic:  2/2        EV: 12    Int: 11    God:
Gold:   16         SH:  0    Dex: 15    Spells: 1/1 levels left

rFire   . . .      SeeInvis .    a - +0 short sword
rCold   . . .      Faith    .    (no shield)
rNeg    . . .      Spirit   .    b - +0 robe
rPois   .          Reflect  .    (no helmet)
rElec   .          Rampage  .    (no cloak)
rCorr   .                        (no gloves)
Will    .....                    (no boots)
Stlth   ++                       (no amulet)
HPRegen 0.24/turn                f - +6 ring of strength
MPRegen 0.08/turn                (no ring)

@: no status effects
A: spiny 1
a: no special abilities


You were on level 1 of the Dungeon.
You visited 1 branch of the dungeon, and saw 1 of its levels.

You collected 16 gold pieces.

Inventory:

Hand Weapons
 a - a +0 short sword (weapon)
Armour
 b - a +0 robe (worn)
Jewellery
 f - a +6 ring of strength (left hand)
Potions
 d - a potion of might {unknown}
 e - a potion of mutation {unknown}


   Skills:
 - Level 3.0 Fighting
 + Level 3.3 Short Blades
 - Level 2.6 Dodging
 - Level 1.7 Stealth


You had one spell level left.
You didn't know any spells.
Your spell library was empty.

Dungeon Overview and Level Annotations

Branches:
Dungeon (1/15) Zot: 5855

Altars:


Innate Abilities, Weirdness & Mutations

You are partially covered in sharp spines.


Message History

The bat barely misses you. The kobold barely misses you.
You hit the hobgoblin but do no damage.
The hobgoblin is heavily wounded.
The bat hits you but does no damage. The hobgoblin closely misses you.
The kobold hits you with a +0 short sword.
You hit the kobold but do no damage. The bat closely misses you.
The hobgoblin barely misses you. The kobold completely misses you.
You barely miss the kobold. The bat closely misses you.
The hobgoblin barely misses you. The kobold misses you.
You hit the hobgoblin.
You kill the hobgoblin!
The bat barely misses you. The kobold closely misses you.
You have reached level 2!
Your demonic ancestry asserts itself...
Sharp spines emerge from parts of your body.
You completely miss the kobold. The bat is struck by your spines.
The bat hits you.
You hit the kobold.
You kill the kobold!
The bat barely misses you. The bat hits you. The bat barely misses you.
You see here a +0 short sword.
You barely miss the bat.
The bat is severely wounded.
The bat is struck by your spines.
You kill the bat!
No target in view!
No target in view!
HP restored.
You see here a bat corpse.
There is a stone staircase leading down here.
You now have 16 gold pieces (gained 8).
A bat comes into view.
A bat is nearby!
A bat is nearby!
A bat is nearby!
A bat is nearby!
An endoplasm comes into view.
A rat comes into view.
Are you sure you want to abandon this character and quit the game? (Confirm with "yes".)

#.....................#
...
###............########
...#####......## ##.
#.<....# #. #>.....####
##+###....## #.....##
#......# #...@..#
#....#......
#........b..
#........... #.......
... #........ ..
#....J.... .
#r.........


You could see an endoplasm (asleep), a bat (asleep) and a rat (asleep).

Vanquished Creatures
  2 endoplasms (D:1)
  A hobgoblin (D:1)
  3 kobolds (D:1)
  3 bats (D:1)
  A rat (D:1)
10 creatures vanquished.

Notes
Turn   | Place    | Note
-------+----------+-------------------------------------------
     0 | D:1      | holysushi the Demonspawn Monk began the quest for the Orb.
     0 | D:1      | Reached XP level 1. HP: 18/18 MP: 1/1
    90 | D:1      | Gained mutation: You are partially covered in sharp spines.
                  | [demonic ancestry]
    90 | D:1      | Reached XP level 2. HP: 18/24 MP: 2/2
   150 | D:1      | Quit the game

Illustrated notes

Levels and vault maps discovered:
D:1:      dpeg_arrival_connections, layout_rooms

Skill      XL: |  1 |
---------------+----+-----
Short Blades   | 3 |  3.3
Fighting       | |  3.0
Dodging        | |  2.6
Stealth        | |  1.7

Action                     || total
---------------------------++-------
  Melee: Short sword       ||    34
    Use: Potion            ||     1
 Armour: Robe              ||    14
  Dodge: Dodged            ||    51

Table legend: (Time is in decaauts)
 A = Elapsed time spent in this place.
 B = Non-inter-level travel time spent in this place.
 C = Inter-level travel time spent in this place.
 D = Time resting spent in this place.
 E = Time spent auto-exploring this place.
 F = Levels seen in this place.
 G = Mean time per level.
                   A        B        C        D        E       F      G
               +--------+--------+--------+--------+--------+-----+--------+
         Total |    144 |    144 |      0 |      0 |     67 |   1 |  144.0 |
       Dungeon |    144 |    144 |      0 |      0 |     67 |   1 |  144.0 |
               +--------+--------+--------+--------+--------+-----+--------+

Top non-repeatable levels by time:
     D:1: 144 daAuts
